 Dungeon Crawl Stone Soup version 0.19.0-24-gb05acd6 (webtiles) character file.

17 mopl the Vexing (level 2, 0/11 HPs)
             Began as a Felid Enchanter on Nov 21, 2016.
             Slain by a hobgoblin
             ... wielding a +0 club
             ... led by Robin
              (4 damage)
             ... on level 2 of the Dungeon.
             The game lasted 00:01:32 (939 turns).

mopl the Vexing (Felid Enchanter)                    Turns: 939, Time: 00:01:33

Health: 0/11       AC:  1    Str:  4    XL:     2   Next: 44%
Magic:  6/6        EV: 18    Int: 16    God:
Gold:   30         SH:  0    Dex: 16    Spells: 2 memorised, 2 levels left
                                        Lives:  0   Deaths: 0

rFire  . . .     SeeInvis +       - Unarmed
rCold  . . .     Gourm    .     (armour unavailable)
rNeg   . . .     Faith    .     (shield unavailable)
rPois  .         Spirit   .     (helmet unavailable)
rElec  .         Reflect  .     (cloak unavailable)
rCorr  .         Harm     .     (gloves unavailable)
MR     .....                    (boots unavailable)
Stlth  +++.......               (no amulet)
                                (no ring)
                                (no ring)

@: quick
A: no armour, no weapons or thrown items, stealth, claws 1, fangs 3, see
invisible, carnivore 3, speed 1, shaggy fur 1, slow metabolism 1, sharp paws
a: no special abilities


You were on level 2 of the Dungeon.
You were completely stuffed.

You visited 1 branch of the dungeon, and saw 2 of its levels.

You collected 30 gold pieces.

Inventory:

Scrolls
 c - a scroll of noise {unknown}
 d - a scroll of enchant weapon {unknown}
 e - a scroll of blinking {unknown}
 f - a scroll of fog {unknown}
 h - 3 scrolls of identify {unknown}
 i - a scroll of amnesia {unknown}
Potions
 g - a potion of might {unknown}
 j - a potion of beneficial mutation {unknown}
Books
 a - a book of Maledictions

   Spells                             Type                      Level
   a - Corona                         Hexes                        1
   b - Ensorcelled Hibernation        Hexes/Ice                    2
   c - Confuse                        Hexes                        3
   d - Tukima's Dance                 Hexes                        3
   e - Dazzling Spray                 Conjuration/Hexes            3
Comestibles
 b - a meat ration


   Skills:
 - Level 2.6 Dodging
 * Level 4.5 Stealth
 + Level 1.7 Unarmed Combat
 - Level 2.0 Spellcasting
 * Level 4.6 Hexes
 + Level 0.1 Ice Magic


You had 2 spell levels left.
You knew the following spells:

 Your Spells              Type           Power        Failure   Level  Hunger
a - Corona                Hex            ###....      3%          1    #......
b - Ensorcelled Hibernat  Hex/Ice        #.....       14%         2    ###....


Dungeon Overview and Level Annotations

Branches:
Dungeon (2/15)

Altars:

Annotations:
D:2 Robin


Innate Abilities, Weirdness & Mutations

You cannot wear armour.
You are incapable of wielding weapons or throwing items.
Your paws allow you to move quietly. (Stealth)
You have sharp claws.
You have razor-sharp teeth.
You have supernaturally acute eyesight. (SInv)
You are carnivorous and can eat meat at any time.
You cover ground quickly.
You are covered in fur. (AC +1)
You have a slow metabolism.
Your sharp claws are effective at attacking unaware monsters.


Message History

A frilled lizard, 2 goblins and 2 hobgoblins come into view.
The hobgoblin shouts! x2
There is a stone staircase leading up here.
You closely miss the frilled lizard.
The frilled lizard hisses angrily.
The frilled lizard bites you.
A hobgoblin comes into view.
The goblin shouts!
The hobgoblin shouts!
You scratch the frilled lizard.
You kill the frilled lizard!
A goblin and Robin come into view. 2 goblins come into view.
The goblin moves out of view. 2 goblins come into view.
The goblin moves out of view.
The goblin shouts!
The hobgoblin hits you with a club.
Ouch! That really hurt!
The hobgoblin completely misses you. The hobgoblin hits you with a club.
You die...

### ...##
########g....g
#.....@gg.....
...#####gg.g..g
.g...gg #...g..
#...## ####


You could see Robin (wandering), 4 hobgoblins and 7 goblins.

Vanquished Creatures
  A giant cockroach (D:1)
  5 goblins (D:1)
  2 hobgoblins (D:1)
  4 bats (D:1)
  2 frilled lizards
  A kobold (D:1)
  A rat (D:1)
16 creatures vanquished.

Notes
Turn   | Place    | Note
-------+----------+-------------------------------------------
     0 | D:1      | mopl the Felid Enchanter began the quest for the Orb.
     0 | D:1      | Reached XP level 1. HP: 7/7 MP: 4/4
   290 | D:1      | Reached XP level 2. HP: 3/11 MP: 4/6
   298 | D:1      | Learned a level 2 spell: Ensorcelled Hibernation
   934 | D:2      | Noticed Robin
   939 | D:2      | Slain by a hobgoblin

Action                   || total
-------------------------++-------
Melee: Unarmed           ||    36
 Cast: Corona            ||     1
 Stab: Sleeping          ||     7
  Eat: Chunk             ||     7
Armor: Skin              ||     6
Dodge: Dodged            ||    23
